Map: Dusk Towers

Players

Miszu

  • Race: Terran Terran
  • League: Master

Factorymouse - Winner!

  • Race: Zerg Zerg
  • League: Master

VOD

Have the link to the VOD?

Description

Time

  • Played on: Feb. 2, 2016, 5 p.m.
  • Length: 8:03
Show
View Real Time Build Order
Export as new Build Order

Miszu Terran 

Build Orders:  

Get SALT Encoding   

  12  0:01  SCV  
  13  0:13  SCV  
  14  0:18  Supply Depot  
  14  0:26  SCV  
  15  0:40  SCV  
  16  0:43  Barracks  
  16  0:46  Refinery  
  16  0:52  SCV  
  17  1:05  SCV  
  18  1:17  SCV  
  19  1:30  Orbital Command  
  19  1:32  Barracks Reactor  
  19  1:38  Command Center  
  19  1:54  Supply Depot  
  19  1:56  SCV  
  20  2:08  Reaper x2, SCV  
  23  2:20  SCV  
  24  2:25  Command Center  
  24  2:32  SCV  
  25  2:44  Reaper x2, SCV  
  25  2:47  Barracks  
  28  2:51  Barracks  
  28  2:57  SCV  
  29  3:01  Orbital Command  
  29  3:12  Refinery  
  29  3:13  SCV  
  31  3:20  Reaper  
  31  3:21  Reaper  
  31  3:25  SCV  
  33  3:27  SCV  
  34  3:40  Barracks Tech Lab  
  34  3:41  Barracks Tech Lab, SCV, Orbital Command  
  34  3:46  SCV  
  36  3:53  Refinery, SCV  
  36  3:54  Refinery  
  37  3:55  Marine  
  37  3:56  Marine  
  37  3:58  SCV  
  40  4:05  SCV  
  40  4:06  Marine  
  40  4:08  SCV  
  43  4:12  Factory  
  42  4:23  Marine  
  42  4:24  SCV x3  
  44  4:25  Marine  
  44  4:26  Stimpack  
  44  4:27  Marine  
  48  4:36  SCV  
  49  4:39  Marine, SCV x2  
  49  4:42  Engineering Bay  
  49  4:45  Engineering Bay  
  52  4:48  SCV  
  52  4:50  Marine x2  
  52  4:51  Marine, SCV x2  
  58  5:00  SCV  
  58  5:03  SCV  
  61  5:08  Supply Depot  
  61  5:10  Supply Depot  
  61  5:12  Starport, Factory Reactor  
  61  5:13  SCV  
  61  5:15  SCV, Orbital Command  
  61  5:16  Supply Depot  
  61  5:17  Terran Infantry Weapons Level 1  
  61  5:18  Terran Infantry Armor Level 1  
  61  5:19  Marine x4  
  66  5:25  SCV  
  66  5:27  SCV  
  65  5:37  Marine x4, SCV  
  65  5:39  SCV  
  69  5:43  SCV  
  69  5:47  Supply Depot  
  69  5:49  Supply Depot, SCV  
  71  5:52  SCV  
  71  5:54  Marine  
  71  5:55  Marine x3  
  76  5:57  Medivac x2, Factory Tech Lab  
  76  6:02  Barracks  
  76  6:03  Barracks  
  80  6:07  SCV x3  
  83  6:12  Marine  
  83  6:13  Marine x2  
  83  6:14  Marine  
  87  6:19  SCV x3  
  70  6:30  Marine  
  70  6:31  Marine  
  70  6:32  Marine  
  56  6:47  Marine  
  56  6:49  Marine x2  
  51  7:00  Marine x2  
  51  7:04  Siege Tank  
  51  7:05  Marine, Medivac  
  51  7:07  Marine x2  
  44  7:18  Marine x2  
  36  7:23  SCV  
  36  7:25  Marine x2  
  37  7:35  Marine  
  37  7:36  Marine  
  39  7:42  Marine  
  39  7:43  Marine  
Show
View Real Time Build Order
Export as new Build Order

Factorymouse Zerg - Winner!

Build Orders: Hatch First 

Get SALT Encoding   

  12  0:01  Drone  
  13  0:12  Overlord  
  13  0:17  Drone  
  14  0:30  Drone x2  
  14  0:34  Drone  
  17  0:52  Hatchery  
  17  0:55  Drone  
  17  0:58  Drone  
  18  1:06  Drone  
  19  1:17  Spawning Pool  
  18  1:18  Drone  
  18  1:20  Extractor  
  18  1:28  Drone  
  19  1:45  Overlord  
  19  2:03  Zergling x2  
  19  2:04  Zergling x2  
  19  2:05  Zergling x2, Queen x2  
  26  2:11  Drone  
  27  2:17  Drone  
  27  2:21  Metabolic Boost  
  28  2:25  Drone  
  29  2:35  Drone x2  
  31  2:41  Queen x2  
  35  2:44  Overlord  
  35  2:55  Drone  
  36  3:04  Drone  
  36  3:05  Drone x3  
  40  3:17  Overlord  
  40  3:29  Overlord  
  40  3:32  Extractor  
  39  3:36  Zergling x4  
  39  3:38  Drone x4  
  43  3:45  Zergling x2  
  44  3:51  Drone  
  44  3:52  Roach Warren  
  43  4:09  Drone x6  
  47  4:27  Overlord  
  47  4:35  Hatchery  
  47  4:36  Roach  
  47  4:37  Roach x3  
  51  4:41  Roach x2  
  51  4:43  Drone x4  
  59  5:09  Overlord x2  
  59  5:13  Zergling x2  
  60  5:14  Zergling x16  
  60  5:17  Hatchery  
  60  5:19  Overlord  
  67  5:39  Zergling x2  
  67  5:40  Zergling x6  
  67  5:42  Ravager  
  72  5:43  Ravager x5  
  77  5:50  Zergling x4  
  77  5:53  Zergling x12  
  85  5:58  Overlord  
  85  6:07  Zergling x2  
  86  6:12  Overlord x2  
  81  6:26  Zergling x10, Roach  
  81  6:32  Zergling x2  
  87  6:45  Zergling x2  
  87  6:46  Zergling x4  
  84  6:50  Zergling x4  
  86  6:54  Evolution Chamber  
  86  6:55  Evolution Chamber  
  78  7:08  Zergling x2  
  78  7:09  Zergling x24  
  85  7:18  Zergling x2  
  85  7:19  Zergling x4  
  85  7:33  Roach x3  
  85  7:34  Roach  
  85  7:35  Roach x7  
Tags
 
Add a new tag
Caveats
  • Supply blocks, unpowered buildings, or Contaminate may cause inaccurate times.
  • Supply counts are checked every 10 seconds.